 Dungeon Crawl Stone Soup version 0.29.1-1-gd02db6906a (webtiles) character file.

Game seed: 16907565208884413490

867 Godmorgon the Destroyer (level 8, -4/41 HPs)
             Began as a Tengu Conjurer on Oct 13, 2022.
             Was an Initiate of Vehumet.
             Slain by a boulder beetle (40 damage)
             ... on level 6 of the Dungeon.
             The game lasted 00:30:19 (6023 turns).

Godmorgon the Destroyer (Tengu Conjurer)            Turns: 6023, Time: 00:30:19

Health: -4/41      AC:  4    Str:  7    XL:     8   Next: 3%
Magic:  15/15      EV: 29    Int: 22    God:    Vehumet [......]
Gold:   182        SH:  0    Dex: 12    Spells: 9/15 levels left

rFire   . . .      SeeInvis .   a - +0 short sword (vamp)
rCold   . . .      Faith    .   h - orb {light}
rNeg    . . .      Spirit   .   w - +0 troll leather armour {Pargi}
rPois   +          Reflect  .   (helmet restricted)
rElec   .          Harm     .   (no cloak)
rCorr   .          Rampage  .   (no gloves)
Will    .....                   (boots unavailable)
Stlth   +.........              z - amulet of the acrobat
HPRegen 0.93/turn               t - ring of poison resistance
MPRegen 0.14/turn               (no ring)

@: acrobatic, flying quickly and evasively, glowing, quick
A: beak, talons 3, nimble flight
a: Renounce Religion


You were on level 6 of the Dungeon.
You worshipped Vehumet.
Vehumet was noncommittal.
You visited 2 branches of the dungeon, and saw 7 of its levels.
You also visited: Sewer and Ossuary.

You collected 260 gold pieces.
You spent 78 gold pieces at shops.

Inventory:

Hand Weapons
 a - a +0 vampiric short sword (weapon)
Missiles
 p - 11 poisoned darts (quivered)
 u - a throwing net
 x - 2 boomerangs of dispersal
Armour
 h - an orb of light (worn)
 w - a +0 troll leather armour (worn) {Pargi}
 y - the +4 ring mail "Gofaxaso" {rN+ Int-3 Stlth+}
   (You found it on level 3 of the Dungeon)

   Int:       It affects your intelligence (-3).
   rN:        It protects you from negative energy.
   Stlth:     It makes you more stealthy.
Magical Staves
 b - a staff of poison
 o - a staff of cold
Jewellery
 t - a ring of poison resistance (left hand)
 z - an amulet of the acrobat (around neck)
Wands
 c - a wand of polymorph (7)
 j - a wand of roots (3)
 s - a wand of flame (12)
Scrolls
 d - a scroll of brand weapon {unknown}
 f - a scroll of fog {unknown}
 g - a scroll of enchant weapon {unknown}
 i - 2 scrolls of vulnerability {unknown}
 l - 3 scrolls of teleportation
 r - a scroll of acquirement {unknown}
 v - a scroll of amnesia {unknown}
Potions
 e - 4 potions of curing
 k - a potion of haste {unknown}
 m - 3 potions of magic
 n - a potion of ambrosia {unknown}
 q - a potion of cancellation {unknown}
 A - 3 potions of might
 B - 2 potions of attraction {unknown}
 C - a potion of lignification {unknown}
 D - a potion of experience {unknown}
 E - a potion of brilliance {unknown}
 F - a potion of heal wounds


   Skills:
 - Level 3.0 Short Blades
 + Level 2.0 Armour
 + Level 3.2 Dodging
 - Level 2.0 Stealth
 + Level 4.1 Spellcasting
 * Level 9.1 Conjurations
 * Level 2.1 Earth Magic


You had 9 spell levels left.
You knew the following spells:

 Your Spells              Type           Power      Damage    Failure   Level
a - Stone Arrow           Conj/Erth      58%        3d10      4%          3
d - Magic Dart            Conj           100%       1d8       1%          1
s - Searing Ray           Conj           88%        2d7       1%          2

Your spell library contained the following spells:

 Spells                   Type           Power      Damage    Failure   Level
 Dazzling Flash           Conj/Hex       48%        N/A       8%          3
 Apportation              Tloc           8%         N/A       16%         1
 Fulminant Prism          Conj/Hex       12%        3d9       24%         4
 Iskenderun's Mystic Bla  Conj/Tloc      24%        2d7       24%         4
 Portal Projectile        Hex/Tloc       8%         N/A       43%         3
 Tukima's Dance           Hex            4%         N/A       43%         3
 Animate Armour           Summ/Erth      18%        N/A       71%         4
 Alistair's Intoxication  Tmut/Pois      2%         N/A       99%         5
 Blade Hands              Tmut           2%         N/A       99%         5
 Lehudib's Crystal Spear  Conj/Erth      14%        10d5      100%        8


Dungeon Overview and Level Annotations

Branches:
Dungeon (6/15)             Temple (1/1) D:4           Sewer (visited)
Ossuary (visited)

Altars:
Ashenzari
Cheibriados
Dithmenos
Elyvilon
Gozag
Hepliaklqana
Kikubaaqudgha
Makhleb
Nemelex Xobeh
Okawaru
Qazlal
Ru
Sif Muna
Trog
Uskayaw
Vehumet
Wu Jian
Xom
Yredelemnul
Zin
The Shining One

Shops:
D:2 *

Annotations:
D:3 exclusion: door, Sigmund


Innate Abilities, Weirdness & Mutations

You have a beak for a mouth.
You have claws for feet.
Your magical nature lets you fly swiftly and evasively.


Message History

Press: ? - help, Q - select action, (/) - cycle Shift-Dir - straight line, f - boulder beetle
Aim: a boulder beetle (haloed)
The roots erupt in riotous growth!
Roots grab the boulder beetle.
The grasping roots constrict the boulder beetle, but do no damage.
You hear a shout! x2
The boulder beetle struggles to leap free from constriction.
Throw: 14 darts (poison)
Press: ? - help, Q - select action, (/) - cycle Shift-Dir - straight line, f/p - boulder beetle
Aim: a boulder beetle (constricted by roots, haloed, 98% to hit)
You throw a poisoned dart.
The poisoned dart hits the boulder beetle.
The grasping roots constrict the boulder beetle.
The roots release their grip on the boulder beetle.
Throw: 13 darts (poison)
Press: ? - help, Q - select action, (/) - cycle Shift-Dir - straight line, f/p - boulder beetle
Aim: a boulder beetle (lightly wounded, haloed, 97% to hit)
You throw a poisoned dart.
The poisoned dart hits the boulder beetle.
The boulder beetle is lightly wounded.
Throw: 12 darts (poison)
Press: ? - help, Q - select action, (/) - cycle Shift-Dir - straight line, f/p - boulder beetle
Aim: a boulder beetle (haloed, 97% to hit)
Okay, then.
Throw: 12 darts (poison)
Press: ? - help, Q - select action, (/) - cycle Shift-Dir - straight line, f/p - boulder beetle
Aim: a boulder beetle (haloed, 97% to hit)
You throw a poisoned dart.
The poisoned dart hits the boulder beetle.
The boulder beetle is poisoned.
The boulder beetle bites you!
Press: ? - help, v - describe, . - travel
Here: a boulder beetle (lightly wounded, poisoned, haloed)
The floor.
The boulder beetle looks more healthy.
The boulder beetle leaps!
The boulder beetle curls into a ball and begins rolling!
The boulder beetle attacks as you move away!
The boulder beetle hits you!!!
Ouch! That really hurt!
You die...

,,,,,********#..#
*,*****,,,,,,
,,,,*,* ##.#
*,,,,,,,,,,,,
*,**,**** #.#
*,*********,*
*,,,,,,,* #°# *,*
*,* ,,,****,* #°#
*,# *,* *,,* *,*
#°#####.# *,* **,*
*,* #°##....# *,*
**,****,*
##B##.##### *,*
,,*,,,,,*
#..@......## *,*
**,******
#.##.......####***,*
*,*
#.#..#..~#.....,,,,*
*,*
#....~~~~~....#*****
*,* #..#~~~~~~~#..#
*,* #...~~~~~~~~..#
*,*******
#...~~~.~~~...#
*,,,,,,,*
#...~~~~~~~..##
*******,*
#..#~~~~~~~#.#


You could see a boulder beetle (rolling).

Vanquished Creatures
  A shadow (D:5)
  A water moccasin (Sewer)
  Pargi (D:3)
  A phantom (D:4)
  A necrophage (D:6)
  A human zombie (Ossuary)
  2 orc priests
  3 iguanas
  3 mummies (Ossuary)
  Robin (D:2)
  2 adders
  A gnoll (D:1)
  3 adder zombies (Ossuary)
  A worm (D:2)
  3 dart slugs
  8 orcs
  4 endoplasms
  6 giant cockroaches
  8 goblins
  8 hobgoblins
  10 jackals
  5 quokkas
  6 ball pythons
  4 bats
  4 frilled lizards
  A gnoll zombie (Ossuary)
  2 goblin zombies (Ossuary)
  4 hobgoblin zombies (Ossuary)
  9 kobolds
  A kobold zombie (Ossuary)
  3 quokka zombies (Ossuary)
  25 rats
  3 rat zombies (Ossuary)
136 creatures vanquished.

Notes
Turn   | Place    | Note
-------+----------+-------------------------------------------
     0 | D:1      | Godmorgon the Tengu Conjurer began the quest for the Orb.
     0 | D:1      | Reached XP level 1. HP: 10/10 MP: 4/4
    90 | D:1      | Found a faded altar of an unknown god.
   132 | D:1      | Reached XP level 2. HP: 15/15 MP: 0/6
   135 | D:1      | Learned a level 2 spell: Searing Ray
   615 | D:1      | Reached skill level 1 in Short Blades
   615 | D:1      | Reached skill level 6 in Conjurations
   615 | D:1      | Reached XP level 3. HP: 19/19 MP: 2/7
  1066 | D:2      | Reached XP level 4. HP: 24/24 MP: 4/8
  1550 | D:2      | Gained mutation: Your magical nature lets you fly swiftly
                  | and evasively. [Tengu growth]
  1550 | D:2      | Reached XP level 5. HP: 28/28 MP: 1/10
  2128 | D:2      | Noticed Robin
  2140 | D:2      | Killed Robin
  2462 | D:2      | Found Vuoxor's Assorted Antiques.
  2477 | D:2      | Bought a scroll labelled BAUH USTRA for 27 gold pieces
  2477 | D:2      | Bought a scroll labelled EMUODW LEENOCW for 27 gold pieces
  2477 | D:2      | Bought a pink potion for 24 gold pieces
  2814 | D:3      | Reached skill level 7 in Conjurations
  3030 | D:3      | Noticed Pargi
  3059 | D:3      | Killed Pargi
  3060 | D:3      | Reached XP level 6. HP: 32/32 MP: 5/12
  3129 | D:3      | Learned a level 3 spell: Stone Arrow
  3134 | D:3      | Reached skill level 8 in Conjurations
  3177 | D:3      | Found a sacrificial altar of Ru.
  3467 | D:3      | Found a burning altar of Makhleb.
  3517 | D:3      | Noticed Sigmund
  3641 | D:3      | Identified the +4 ring mail "Gofaxaso" {rN+ Int-3 Stlth+}
  3945 | D:4      | Reached XP level 7. HP: 36/36 MP: 5/13
  4024 | D:4      | Found a sand-covered staircase.
  4029 | Ossuary  | Entered an ossuary
  4214 | Ossuary  | Reached skill level 1 in Earth Magic
  4304 | Ossuary  | Reached skill level 1 in Armour
  4875 | D:4      | Found a staircase to the Ecumenical Temple.
  4885 | Temple   | Entered the Ecumenical Temple
  4899 | Temple   | Became a worshipper of Vehumet
  5572 | D:5      | Entered Level 5 of the Dungeon
  5575 | D:5      | Noticed a shadow
  5585 | D:5      | Killed a shadow
  5742 | D:5      | You are sucked into a shaft and drop 1 floor!
  5765 | D:6      | Found a glowing drain.
  5820 | Sewer    | Entered a sewer
  5887 | Sewer    | Reached skill level 9 in Conjurations
  5887 | Sewer    | Reached XP level 8. HP: 41/41 MP: 9/15
  6007 | D:6      | Noticed a boulder beetle
  6023 | D:6      | Slain by a boulder beetle

Illustrated notes

Levels and vault maps discovered:
D:1:      psy_arrival_terrarium, layout_loops_ring,
          shapermc_ecumenical_altar_mp_highgroup, minmay_box_of_dots
D:2:      layout_basic, serial_shops, nicolae_shop_statue_plus, uniq_robin
D:3:      layout_basic, mainiacjoe_overflow_big_doors, minmay_rat_hole,
          uniq_sigmund, uniq_pargi
D:4:      layout_loops_ring, minmay_temple_entry_waves,
          nicolae_ossuary_entry_plus
D:5:      layout_loops_ring
D:6:      layout_loops_ring, cheibrodos_sewer_entry_drain, serial_shops, shop,
          uniq_duvessa, uniq_prince_ribbit1
Temple:   nicolae_temple_bog_church

Skill      XL: |  1  2  3  4  5  6  7 |
---------------+----------------------+-----
Short Blades   | 1 2 3 |  3.0
Conjurations   | 6 7 8 9 |  9.1
Spellcasting   | 3 4 |  4.1
Earth Magic    | 2 |  2.1
Armour         | 2 |  2.0
Dodging        | 3 |  3.2
Stealth        | |  2.0

Action                   |  1- 3 |  4- 6 |  7- 9 || total
-------------------------+-------+-------+-------++-------
Melee: Short sword       |     7 |    14 |    24 ||    45
       Kick              |     2 |     5 |     7 ||    14
       Peck              |     1 |     3 |     5 ||     9
       Punch             |       |     1 |       ||     1
Throw: Dart              |       |       |     3 ||     3
 Cast: Magic Dart        |    40 |    10 |     5 ||    55
       Searing Ray       |     1 |    38 |    31 ||    70
Evoke: Wand              |       |       |     1 ||     1
  Use: Scroll            |       |       |     9 ||     9
Armor: Robe              |     1 |     1 |       ||     2
       Troll leather arm |       |       |     7 ||     7
Dodge: Dodged            |     2 |    12 |    37 ||    51
